 Dungeon Crawl Stone Soup version 0.32-a0-986-ga09f62fbf4 (webtiles) character file.

Game seed: 425841289711799365

438612 Sphara the Fencer (level 22, -9/205 (220) HPs)
             Began as a Demonspawn Monk on Apr 20, 2024.
             Was the Champion of Cheibriados.
             Mangled by a juggernaut simulacrum (19 damage)
             ... summoned by a curse skull
             ... on level 3 of the Crypt on Apr 21, 2024.
             The game lasted 02:26:49 (47836 turns).

Sphara the Fencer (Demonspawn Monk)                Turns: 47836, Time: 02:26:50

HP:   -9/205 (220)  AC: 27    Str: 23 (29) XL:     22   Next: 98%
MP:   30/30         EV: 49    Int: 26      God:    Cheibriados [******]
Gold: 2655          SH:  0    Dex: 45      Spells: 23/32 levels left

rFire   . . .        F - +7 great sword (holy)
rCold   + . .        (shield currently unavailable)
rNeg    + . .        r - +4 ring mail {rN+}
rPois   .            V - +2 hat {Will+}
rElec   +            d - +2 cloak
rCorr   .            (gloves unavailable)
SInv    +            P - +2 pair of boots {Stlth+}
Will    +++..        e - amulet of the acrobat
Stlth   ++++         f - ring of Vetosul {rElec Will+ AC+4 SInv}
HPRegen 0.54/turn    Q - ring of Alahaong {rC+ EV+5 Dex+6}
MPRegen 0.22/turn

%: acrobat
@: agile, about to teleport, slowed, studying 2 skills, drained, very slow
A: claws 3, thin metallic scales 2, demonic guardian 2, powered by pain 3,
robust 2
}: 2/15 runes: barnacled, gossamer
a: Renounce Religion, Bend Time, Temporal Distortion, Slouch, Step From Time


You were on level 3 of the Crypt.
You worshipped Cheibriados.
Cheibriados was exalted by your worship.
You visited 10 branches of the dungeon, and saw 45 of its levels.
You also visited: Volcano.

You collected 5821 gold pieces.
You spent 3166 gold pieces at shops.

Inventory:

Hand Weapons
 a - a +9 great sword of freezing
 b - a +2 heavy longbow
 F - a +7 great sword of holy wrath (weapon)
Missiles
 R - 4 curare-tipped darts (quivered)
 W - 8 throwing nets
Armour
 d - a +2 cloak (worn)
 o - +4 fire dragon scales {Xtahua}
 r - a +4 ring mail of positive energy (worn)
 N - the +5 ring mail "Qeli" {Harm rPois}
   (You found it on level 6 of the Dungeon)

   rPois:     It protects you from poison.
   Harm:      It increases damage dealt and taken.
 P - a +2 pair of boots of stealth (worn)
 V - a +2 hat of willpower (worn)
Jewellery
 e - an amulet of the acrobat (around neck)
 f - the ring of Vetosul (left claw) {rElec Will+ AC+4 SInv}
   (You bought it in a shop on level 14 of the Dungeon)

   [ring of protection]

   AC+4:      It affects your AC (+4).
   rElec:     It insulates you from electricity.
   Will+:     It increases your willpower.
   SInv:      It lets you see invisible.
 h - the ring "Rycoid" {Str+3 Dex+6}
   (You took it off a deep elf annihilator on level 3 of the Elven Halls)

   [ring of dexterity]

   Str+3:     It affects your strength (+3).
   Dex+6:     It affects your dexterity (+6).
 p - an amulet of Zateerar {Spirit rElec}
   (You took it off a deep elf demonologist on level 3 of the Elven Halls)

   [amulet of guardian spirit]

   Spirit:    It causes incoming damage to be divided between your reserves of
   health and magic.
   rElec:     It insulates you from electricity.
 H - a ring of protection from fire
 L - a ring of resist corrosion
 Q - the ring of Alahaong (right claw) {rC+ EV+5 Dex+6}
   (You bought it in a shop on level 14 of the Dungeon)

   [ring of evasion]

   EV+5:      It affects your evasion (+5).
   Dex+6:     It affects your dexterity (+6).
   rC+:       It protects you from cold.
 Y - a ring of protection from fire
Wands
 i - a wand of paralysis (31)
 m - a wand of digging (5)
 n - a wand of warping (19)
 T - a wand of acid (41)
Scrolls
 g - 7 scrolls of fog
 k - 8 scrolls of teleportation
 t - 2 scrolls of enchant armour
 w - 8 scrolls of immolation
 x - 4 scrolls of vulnerability
 B - 6 scrolls of fear
 C - 3 scrolls of butterflies
 E - 4 scrolls of silence
 G - 7 scrolls of blinking
 I - 8 scrolls of poison
 U - 9 scrolls of revelation
Potions
 c - 9 potions of ambrosia
 j - 3 potions of enlightenment
 l - 8 potions of attraction
 q - 7 potions of magic
 s - 10 potions of brilliance
 u - 7 potions of might
 v - 5 potions of mutation
 z - 9 potions of heal wounds
 D - 22 potions of curing
 J - 3 potions of lignification
 K - 9 potions of invisibility
 M - 4 potions of cancellation
 O - 2 potions of berserk rage
 S - 6 potions of resistance
Miscellaneous
 y - a lightning rod (4/4)
 A - a phial of floods
 X - a tin of tremorstones (2/2)
 Z - a phantom mirror


   Skills:
 - Level 18.3 Fighting
 - Level 20.0 Long Blades
 - Level 3.0 Polearms
 * Level 16.9 Ranged Weapons
 * Level 12.1 Armour
 - Level 18.1 Dodging
 - Level 5.5 Shields
 - Level 5.5 Spellcasting
 - Level 6.0 Translocations
 - Level 11.2 Invocations
 - Level 10.4 Evocations


You had 23 spell levels left.
You knew the following spells:

 Your Spells              Type           Power      Damage    Failure   Level
a - Apportation           Tloc           76%        N/A       1%          1
b - Passage of Golubria   Tloc           38%        N/A       9%          4
c - Blink                 Tloc           76%        N/A       1%          2
d - Lesser Beckoning      Tloc           76%        N/A       1%          2

Your spell library contained the following spells:

 Spells                   Type           Power      Damage    Failure   Level
 Maxwell's Portable Pile  Tloc           38%        2d(9-25)  2%          3
 Teleport Other           Tloc           38%        N/A       2%          3
 Volatile Blastmotes      Fire/Tloc      44%        2d13      9%          3
 Freeze                   Ice            28%        1d5       11%         1
 Magic Dart               Conj           28%        1d4       11%         1
 Necrotise                Necr           28%        1d5       11%         1
 Sting                    Conj/Alch      28%        1d4       11%         1
 Summon Small Mammal      Summ           28%        N/A       11%         1
 Call Imp                 Summ           14%        N/A       16%         2
 Cigotuvi's Dreadful Rot  Necr/Alch/Air  14%        N/A       16%         2
 Mercury Vapours          Alch/Air       14%        N/A       16%         2
 Static Discharge         Conj/Air       14%        3-4/arc   16%         2
 Call Canine Familiar     Summ           7%         N/A       30%         3
 Dazzling Flash           Conj/Hex       14%        N/A       30%         3
 Frozen Ramparts          Ice            14%        1d3       30%         3
 Inner Flame              Hex/Fire       7%         N/A       30%         3
 Mephitic Cloud           Conj/Alch/Air  7%         N/A       30%         3
 Ozocubu's Armour         Ice            7%         N/A       30%         3
 Sigil of Binding         Hex            7%         N/A       30%         3
 Tukima's Dance           Hex            7%         N/A       30%         3
 Vampiric Draining        Necr           7%         2d6       30%         3
 Vhi's Electric Charge    Tloc/Air       44%        N/A       30%         4
 Summon Forest            Summ/Tloc      11%        N/A       63%         5
 Anguish                  Hex/Necr       3%         N/A       71%         4
 Animate Armour           Summ/Erth      14%        N/A       71%         4
 Cause Fear               Hex            3%         N/A       71%         4
 Dispel Undead            Necr           7%         3d8       71%         4
 Martyr's Knell           Necr/Summ      7%         N/A       71%         4
 Olgreb's Toxic Radiance  Alch           7%         N/A       71%         4
 Petrify                  Alch/Erth      7%         N/A       71%         4
 Summon Blazeheart Golem  Fire/Summ      7%         N/A       71%         4
 Dispersal                Tloc           19%        N/A       78%         6
 Gell's Gavotte           Tloc           19%        2d(19-29) 78%         6
 Arcjolt                  Conj/Air       3%         1d13      96%         5
 Curse of Agony           Necr           7%         N/A       96%         5
 Freezing Cloud           Conj/Ice/Air   3%         6-21      96%         5
 Irradiate                Conj/Alch      3%         3d12      96%         5
 Iskenderun's Battlesphe  Conj           7%         2d6       96%         5
 Lee's Rapid Deconstruct  Erth           3%         3d5*      96%         5
 Metabolic Englaciation   Hex/Ice        3%         N/A       96%         5
 Silence                  Hex/Air        3%         N/A       96%         5
 Summon Mana Viper        Hex/Summ       7%         N/A       96%         5
 Bombard                  Conj/Erth      3%         9d1       100%        6
 Death Channel            Necr           3%         N/A       100%        6
 Plasma Beam              Fire/Air       3%         2x1d13    100%        6
 Sculpt Simulacrum        Ice/Alch       3%         N/A       100%        6
 Starburst                Conj/Fire      3%         6d3       100%        6
 Summon Cactus Giant      Summ           3%         N/A       100%        6
 Enfeeble                 Hex            3%         N/A       100%        7
 Haunt                    Necr/Summ      3%         N/A       100%        7
 Magnavolt                Erth/Air       3%         3d9       100%        7
 Malign Gateway           Summ/Tloc      11%        N/A       100%        7
 Manifold Assault         Tloc           19%        N/A       100%        7
 Ozocubu's Refrigeration  Ice            3%         4d8       100%        7
 Rimeblight               Ice/Necr       3%         2d3       (prima100%   7
 Seismic Cannonade        Alch/Erth      3%         6d4       100%        7
 Spellforged Servitor     Conj/Summ      3%         N/A       100%        7
 Borgnjor's Revivificati  Necr           3%         N/A       100%        8
 Disjunction              Tloc           19%        N/A       100%        8
 Fulsome Fusillade        Conj/Alch      3%         (3-5)d4   100%        8
 Ignition                 Fire           3%         3d4       100%        8
 Lehudib's Crystal Spear  Conj/Erth      3%         10d3      100%        8
 Maxwell's Capacitive Co  Air            3%         ∞         100%        8
 Summon Horrible Things   Summ           3%         N/A       100%        8
 Death's Door             Necr           3%         N/A       100%        9
 Shatter                  Erth           3%         3d7*      100%        9


Dungeon Overview and Level Annotations

Branches:
Dungeon (15/15)            Temple (1/1) D:5            Lair (5/5) D:9
 Shoals (4/4) Lair:3       Spider (4/4) Lair:3        Slime (0/5) Lair:5
    Orc (2/2) D:12            Elf (3/3) Orc:2        Vaults (4/5) D:13
  Crypt (3/3) Vaults:3     Depths (4/4) D:15            Zot (0/5) Depths:4
Volcano (visited)
   Tomb: Crypt:3

Altars:
Ashenzari
Cheibriados
Dithmenos
Fedhas
Gozag
Hepliaklqana
Kikubaaqudgha
Makhleb
Nemelex Xobeh
Okawaru
Qazlal
Ru
Sif Muna
Trog
Uskayaw
Vehumet
Wu Jian
Xom
Yredelemnul
Beogh

Shops:
D:4 *   D:7 (!*[   D:14 *[=(   Orc:2 (**[:   Elf:1 [:([   Elf:3 :

Portals:
Hell: Depths:1 Depths:2 Depths:3 Depths:4
Abyss: Depths:3 Depths:4
Pandemonium: Depths:2
Ziggurat: Depths:4

Annotations:
D:11 2 transporters, Mgcat's ghost, journeyman CoFi
Lair:1 exclusion: oklob plant
Elf:2 3 runed translucent doors
Vaults:4 Mennas; Sojobo
Crypt:3 Grunn
Depths:2 2 transporters, Qiaq's ghost, adept HOFi
Depths:3 2 runed translucent doors


Innate Abilities, Weirdness & Mutations

You have claws for hands.
You are mostly covered in thin metallic scales. (AC +3)
A demonic guardian rushes to your aid.
You are powered by pain.
You are very robust. (+20% HP)


Message History

Unknown command.
You slash Grunn!
Grunn is heavily damaged.
Grunn completely misses you. The mummy completely misses you.
Unknown command.
Unknown command.
You barely miss Grunn.
Grunn is heavily damaged.
The shadow wraith completely misses you.
Grunn hits you with the +13 scythe of Curses!!!
* * * LOW HITPOINT WARNING * * *
You focus on the pain.
You feel agile all of a sudden. You partially resist.
You feel drained.
* * * LOW HITPOINT WARNING * * *
You are engulfed in negative energy!
You feel weakened.
The shadow wraith completely misses you.
The curse skull calls on the powers of darkness!
Your body is wracked with pain!
* * * LOW HITPOINT WARNING * * *
The mummy completely misses you.
Unknown command.
Your surroundings suddenly seem different.
Unknown command.
Unknown command.
You start resting.
A shadow wraith is nearby!
The shadow wraith completely misses you.
You cut the shadow wraith into ribbons!!!
The shadow wraith is severely damaged.
The shadow wraith completely misses you. x2
As you read the scroll of teleportation, it crumbles to dust.
You feel strangely unstable. The juggernaut simulacrum hits you!!
* * * LOW HITPOINT WARNING * * *
A demonic guardian appears!
You focus on the pain.
You feel more agile all of a sudden. The juggernaut simulacrum freezes you!!
You resist.
You die...
Cheibriados appreciates the motionlessness of death.

#.h....W.Z.. #..###
#...........#..#
#.....
#...........#..#
#....#
#.#########.#..#
#....# #. #.#..#
#....# #.#..# #....#
#....# #.....
#....#########
#.....
#.W@............####
##Z.3..........# #
#####...#...#. #
#...... # #. . # # #
..####### .........


You could see a shadow wraith (summoned, invisible), a juggernaut simulacrum
(summoned, ally target) and a friendly soul eater (summoned).

Vanquished Creatures
  Frederick (Vaults:4)
  A juggernaut (Depths:3)
  Xtahua (Depths:3)
  Bai Suzhen (Shoals:4)
  Saint Roka (Orc:2)
  Nikola (Shoals:3)
  A golden dragon (Depths:4)
  Norris (Vaults:4)
  A shard shrike zombie (Crypt:1)
  Jorgrun (Shoals:2)
  5 walking crystal tomes
  2 liches
  3 tentacled monstrosities (Depths:4)
  2 sphinxes
  2 deep elf master archers (Elf:3)
  A deep elf blademaster (Elf:3)
  3 walking frostbound tomes
  Polyphemus (Shoals:4)
  Gastronok (D:8)
  2 krakens (Shoals:4)
  Roxanne (Shoals:4)
  Aizul (Shoals:4)
  4 ancient champions
  A shadow dragon (Depths:3)
  3 revenants
  3 storm dragons (Depths:4)
  Ilsuiw (Shoals:2)
  Donald (Orc:2)
  A tengu reaver (Vaults:2)
  5 vault wardens
  7 frost giants
  A draconian monk (Depths:4)
  A balrug (Depths:3)
  4 emperor scorpions
  3 deep elf elementalists (Elf:3)
  An iron dragon (Depths:3)
  4 ghost moths
  4 fire giants
  4 deep elf sorcerers (Elf:3)
  A ghoul (Crypt:3)
  5 broodmothers
  A draconian scorcher (Depths:4)
  2 reapers
  2 curse skulls
  Louise (Elf:2)
  4 spectral caustic shrikes (Depths:4)
  14 ironbound preservers
  4 orc warlords
  A juggernaut zombie (Depths:3)
  8 very ugly things
  A formless jellyfish (Vaults:2)
  10 stone giants
  A juggernaut skeleton (Depths:3)
  7 ironbound thunderhulks
  7 vampire knights
  8 deep elf death magi
  A red draconian (Depths:4)
  3 dire elephants (Vaults:2)
  3 black draconians (Depths:4)
  8 deep elf demonologists (Elf:3)
  2 yellow draconians (Depths:4)
  8 deep elf annihilators (Elf:3)
  Azrael (D:12)
  A white draconian (Depths:4)
  A purple draconian (Depths:4)
  A war gargoyle (Vaults:2)
  12 spark wasps
  7 ettins
  A crystal guardian (Vaults:2)
  10 yaktaur captains
  The ghost of Geh Jimi the Marksgoblin, a journeyman CoHu of Hepliaklqana (Lair:4)
  14 jiangshi
  5 merfolk impalers
  5 fire dragons
  Josephine (D:15)
  4 deep elf high priests
  3 entropy weavers
  6 merfolk javelineers (Shoals:4)
  3 rakshasas
  8 great orbs of eyes
  Fannar (D:12)
  4 ice dragons
  2 vault guards
  2 peacekeepers (Vaults:2)
  2 jorogumos (Spider:3)
  4 hydras
  An ogre mage (Orc:2)
  15 centaur warriors
  3 spriggan zombies (Crypt:2)
  Harold (D:11)
  7 ironbound frosthearts
  4 radroaches
  4 merfolk aquamancers
  11 boulder beetles
  5 catoblepae
  22 death yaks
  A hell beast (Depths:2)
  6 two-headed ogres
  A satyr (Shoals:4)
  10 dancing weapons
  A sphinx skeleton (Crypt:3)
  A fenstrider witch skeleton (Crypt:1)
  3 alligator snapping turtles
  3 merfolk avatars
  7 demonic crawlers
  A death scarab (Spider:4)
  11 deep troll shamans
  2 orc high priests
  3 hell hogs
  4 occultists
  7 tengu warriors
  10 spriggan berserkers
  5 deep troll earth magi
  3 vampire magi
  3 hell knights (Depths:3)
  4 storm dragon zombies
  6 deep elf knights
  5 sun demons
  7 soul eaters
  12 iron trolls
  Nergalle (D:11)
  2 pharaoh ants
  An emperor scorpion zombie (Crypt:3)
  4 skysharks
  12 skeletal warriors
  An iron giant zombie (Crypt:3)
  48 deep trolls
  2 salamander mystics
  A shadow wraith (Crypt:3)
  A storm dragon skeleton (Depths:2)
  5 deep elf archers
  11 orb spiders
  3 arcanists
  11 sea snakes
  3 sun moths
  6 glowing orange brains
  A bog body (Crypt:3)
  A golden dragon skeleton (Depths:2)
  6 lindwurms
  3 steelbarb worms
  12 deep elf pyromancers
  6 necromancers
  An obsidian statue (Elf:1)
  5 phantasmal warriors
  14 deep elf zephyrmancers
  6 orc knights
  6 thermic dynamos
  A tengu zombie (Depths:3)
  26 harpies
  16 ironbound convokers
  8 salamanders
  A shadow dragon zombie (Depths:2)
  A stone giant zombie (Crypt:2)
  5 orc sorcerers
  19 ugly things
  13 manticores
  Maurice (Orc:2)
  18 wolf spiders
  7 cyclopes
  5 fauns
  A moth of wrath (Spider:4)
  6 water nymphs
  15 merfolk sirens
  An iron dragon skeleton (Depths:2)
  A black mamba (shapeshifter) (D:13)
  5 elephants (Lair:3)
  3 torpor snails (Spider:1)
  5 black mambas
  2 frost giant skeletons
  A kobold blastminer (Orc:1)
  13 vault sentinels
  3 orange demons (Orc:2)
  2 gargoyles
  18 cane toads
  A large abomination (Crypt:2)
  4 centaur skeletons (D:13)
  2 smoke demons
  A hellion (Depths:1)
  6 rime drakes
  An ice devil (Lair:1)
  21 yaktaurs
  A white draconian zombie (Crypt:2)
  3 tengu conjurers
  A freezing wraith (D:15)
  A rime drake (shapeshifter) (Elf:1)
  10 komodo dragons
  3 kobold demonologists
  A grey draconian skeleton (Crypt:2)
  13 merfolk
  A great orb of eyes zombie (Crypt:2)
  A yellow draconian skeleton (Crypt:1)
  8 polar bears
  28 tarantellas
  6 hornets
  9 snapping turtles
  8 trolls
  8 wind drakes
  26 blink frogs
  10 dream sheep
  A tarantella zombie (Crypt:3)
  30 jumping spiders
  3 ettin zombies (Crypt:2)
  6 slime creatures
  13 culicivoras
  A guardian serpent skeleton (Crypt:2)
  Sigmund (D:6)
  2 centaur simulacra (D:15)
  5 air elementals
  12 wraiths
  4 vampires
  A yak (shapeshifter) (D:14)
  A ynoxinul (Depths:2)
  5 fire elementals
  6 wyverns
  4 shadows
  47 yaks
  5 basilisks
  8 water elementals
  A human (shapeshifter) (Vaults:4)
  3 spriggan skeletons (Depths:1)
  2 fire bats (Volcano)
  3 wargs (Orc:2)
  Eustachio (D:4)
  4 steam dragons
  A human simulacrum (Vaults:2)
  A wind drake skeleton (Crypt:3)
  Menkaure (D:6)
  A fire bat zombie (Crypt:1)
  40 redbacks
  3 vampire mosquitoes (D:14)
  3 acid dragons
  A skyshark zombie (Crypt:1)
  An ogre skeleton (Vaults:4)
  3 hell hounds
  14 water moccasins
  30 orc warriors
  A hornet zombie (Crypt:1)
  An ice beast (D:6)
  5 laughing skulls
  4 sky beasts
  2 black bears (D:7)
  4 boggarts
  10 wolves
  16 centaurs
  7 ogres
  A blink frog skeleton (Crypt:2)
  An elf simulacrum (Vaults:4)
  8 phantoms
  10 kobold brigands
  Blork the orc (D:4)
  12 bullfrogs
  2 two-headed ogre simulacra (Lair:1)
  6 gnoll sergeants
  13 scorpions
  A salamander skeleton (Crypt:2)
  9 wights
  2 howler monkeys
  3 electric eels
  A bombardier beetle (D:5)
  8 centaur zombies
  4 hounds
  2 jellies
  A gnoll bouda (D:6)
  21 orc priests
  A basilisk skeleton (Crypt:2)
  A black bear skeleton (Crypt:1)
  9 sleepcaps
  19 orc wizards
  3 scorpion zombies (D:7)
  A boggart zombie (D:15)
  8 hell rats
  4 spriggan simulacra
  8 killer bee zombies (D:7)
  A crocodile zombie (Crypt:2)
  4 mummies (Crypt:3)
  29 gnolls
  11 adders
  8 river rats (D:8)
  A swamp drake skeleton (Crypt:1)
  A steam dragon skeleton (Crypt:3)
  8 shadow imps (D:7)
  3 white imps
  A lava snake skeleton (Crypt:1)
  A ribbon worm (D:3)
  A dart slug (D:1)
  72 orcs
  5 bats
  8 endoplasms
  2 giant cockroaches
  5 hobgoblins
  29 kobolds
  8 quokkas
  2 ball pythons (D:3)
  An endoplasm zombie (Crypt:3)
  2 frilled lizards
  6 goblins
  A hobgoblin skeleton (Crypt:2)
  An orc skeleton (Crypt:3)
  A quokka zombie (Crypt:1)
  28 rats
  8 tentacles (Shoals:4)
1742 creatures vanquished.

Vanquished Creatures (collateral kills)
  2 ice dragons (D:15)
  2 orb spiders (Spider:4)
  2 orc knights
  A black mamba (Lair:5)
  An unseen horror (D:12)
  An efreet (D:14)
  A snapping turtle (Shoals:2)
  A slime creature (D:13)
  A fire elemental (D:12)
  3 yaks (Lair:5)
  3 redbacks (Spider:2)
  A steam dragon (D:8)
  An acid dragon (D:14)
  2 orc warriors (Orc:2)
  2 ogres (Orc:2)
  A wolf (Lair:4)
  A gnoll sergeant (D:5)
  A scorpion (D:6)
  A jelly (D:7)
  2 orc priests
  A gnoll bouda (D:6)
  A scorpion zombie (D:7)
  2 gnolls
  2 adders (D:5)
  2 white imps (D:6)
  7 orcs
45 creatures vanquished.

Vanquished Creatures (others)
  A deep elf sorcerer (Elf:3)
  A deep elf demonologist (Vaults:2)
  A vampire mage (Depths:2)
  A laughing skull (Crypt:2)
  A wolf (Lair:1)
  13 tentacles (Shoals:4)
18 creatures vanquished.

Grand Total: 1805 creatures vanquished

Notes
Turn   | Place    | Note
-------+----------+-------------------------------------------
     0 | D:1      | Sphara the Demonspawn Monk began the quest for the Orb.
     0 | D:1      | Reached XP level 1. HP: 18/18 MP: 1/1
   166 | D:1      | Gained mutation: You sometimes gain a little power by
                  | taking damage. [demonic ancestry]
   166 | D:1      | Reached XP level 2. HP: 19/24 MP: 2/2
   649 | D:2      | Found a faded altar of an unknown god.
   799 | D:2      | Gained mutation: You sometimes gain power by taking damage.
                  | [demonic ancestry]
   799 | D:2      | Reached XP level 3. HP: 30/30 MP: 3/3
  1684 | D:4      | Noticed Eustachio
  1784 | D:4      | Found Becoc's Assorted Antiques.
  1811 | D:4      | Bought a smoky blue potion for 28 gold pieces
  1811 | D:4      | Bought a glowing golden potion for 28 gold pieces
  1811 | D:4      | Bought a viscous puce potion for 28 gold pieces
  1811 | D:4      | Bought a scroll labelled URALEU GOHA for 32 gold pieces
  1821 | D:4      | Noticed Blork the orc
  1826 | D:4      | Reached skill level 6 in Long Blades
  1826 | D:4      | Reached skill level 5 in Dodging
  1826 | D:4      | Gained mutation: A weak demonic guardian rushes to your
                  | aid. [demonic ancestry]
  1826 | D:4      | Reached XP level 4. HP: 37/37 MP: 4/4
  1842 | D:4      | Killed Blork the orc
  1843 | D:4      | Gained mutation: You are partially covered in thin metallic
                  | scales. (AC +2) [demonic ancestry]
  1843 | D:4      | Reached XP level 5. HP: 22/42 MP: 5/5
  2453 | D:4      | a jelly changed into a sky beast
  2453 | D:4      | Noticed a sky beast
  2465 | D:4      | Killed a sky beast
  2466 | D:4      | Reached skill level 7 in Long Blades
  2466 | D:4      | Reached skill level 5 in Shields
  2466 | D:4      | Reached XP level 6. HP: 34/48 MP: 6/6
  2471 | D:5      | Entered Level 5 of the Dungeon
  2912 | D:5      | Gained mutation: A demonic guardian rushes to your aid.
                  | [demonic ancestry]
  2912 | D:5      | Reached XP level 7. HP: 29/54 MP: 7/7
  3319 | D:5      | Found a staircase to the Ecumenical Temple.
  3330 | D:5      | Identified the +2 robe of Ladocuy {rN+}
  3357 | Temple   | Entered the Ecumenical Temple
  3375 | Temple   | Became a worshipper of Cheibriados the Contemplative
  3375 | Temple   | Reached * piety under Cheibriados
  3375 | Temple   | Reached ** piety under Cheibriados
  3650 | D:5      | Reached skill level 1 in Invocations
  3830 | D:5      | Gained mutation: You have sharp fingernails. [demonic
                  | ancestry]
  3830 | D:5      | Reached XP level 8. HP: 58/61 MP: 8/8
  4284 | D:4      | Killed Eustachio
  4645 | D:6      | Reached skill level 5 in Fighting
  4756 | D:6      | Reached skill level 8 in Long Blades
  4757 | D:6      | Reached *** piety under Cheibriados
  4795 | D:6      | Noticed Menkaure
  4797 | D:6      | Killed Menkaure
  4844 | D:6      | Found an ancient bone altar of Kikubaaqudgha.
  4849 | D:6      | Reached XP level 9. HP: 47/68 MP: 11/11
  5304 | D:6      | Identified the +5 ring mail "Qeli" {Harm rPois}
  5491 | D:6      | Noticed Sigmund
  5501 | D:6      | Killed Sigmund
  5674 | D:7      | Noticed a two-headed ogre
  5682 | D:7      | Killed a two-headed ogre
  5683 | D:7      | Reached skill level 1 in Armour
  5774 | D:7      | Reached skill level 1 in Evocations
  5791 | D:7      | Reached **** piety under Cheibriados
  6030 | D:7      | Gained mutation: You have very sharp fingernails. [demonic
                  | ancestry]
  6030 | D:7      | Reached XP level 10. HP: 74/77 MP: 12/12
  6175 | D:7      | Found Efunynae's Armour Shop.
  6177 | D:7      | Found Otuupemu's Distillery.
  6177 | D:7      | Found Aveasayrr's Assorted Antiques.
  6179 | D:7      | Found Caenlann's Weapon Shoppe.
  6203 | D:7      | Bought a potion of heal wounds for 75 gold pieces
  6203 | D:7      | Bought 2 potions of degeneration for 30 gold pieces
  6226 | D:7      | Bought a scroll labelled ALACVU ZESEINE for 22 gold pieces
  6226 | D:7      | Bought an orange potion for 19 gold pieces
  6584 | D:7      | Reached ***** piety under Cheibriados
  7195 | D:7      | Found a hazy altar of Hepliaklqana.
  7195 | D:7      | Found a bloodstained altar of Trog.
  7195 | D:7      | Found a sacrificial altar of Ru.
  7468 | D:8      | Reached skill level 9 in Long Blades
  7984 | D:8      | Noticed Gastronok
  7999 | D:8      | Killed Gastronok
  8000 | D:8      | Reached skill level 5 in Armour
  8000 | D:8      | Gained mutation: You have claws for hands. [demonic
                  | ancestry]
  8000 | D:8      | Reached XP level 11. HP: 75/86 MP: 13/13
  8011 | D:8      | Reached ****** piety under Cheibriados
  8531 | D:9      | Found a staircase to the Lair.
  8552 | Lair:1   | Entered Level 1 of the Lair of Beasts
  8707 | Lair:1   | Reached skill level 10 in Long Blades
  8836 | Lair:1   | Identified the +2 ring mail of Autotheism {rF+ Str+3 Int+3}
  9080 | Lair:1   | Noticed a death yak
  9089 | Lair:1   | Killed a death yak
  9161 | Lair:1   | Noticed a death yak
  9171 | Lair:1   | Killed a death yak
  9312 | Lair:1   | Reached skill level 10 in Fighting
  9358 | Lair:1   | Gained mutation: You are mostly covered in thin metallic
                  | scales. (AC +3) [demonic ancestry]
  9358 | Lair:1   | Reached XP level 12. HP: 93/97 MP: 14/14
  9418 | Lair:1   | Got the Book of Hoarfrost
  9674 | Lair:1   | Learned a level 1 spell: Apportation
  9879 | Lair:1   | Found a blossoming altar of Fedhas.
 10033 | Lair:2   | Noticed a death yak
 10033 | Lair:2   | Noticed a death yak
 10036 | Lair:2   | Noticed a death yak
 10038 | Lair:2   | Noticed a death yak
 10040 | Lair:2   | Noticed a death yak
 10048 | Lair:2   | Killed a death yak
 10053 | Lair:2   | Killed a death yak
 10056 | Lair:2   | Killed a death yak
 10063 | Lair:2   | Killed a death yak
 10069 | Lair:2   | Killed a death yak
 10070 | Lair:2   | Reached skill level 11 in Long Blades
 10190 | Lair:2   | Noticed a four-headed hydra
 10194 | Lair:2   | Killed a six-headed hydra
 10662 | Lair:2   | Noticed a five-headed hydra
 10672 | Lair:2   | Killed a seven-headed hydra
 11186 | Lair:3   | Reached skill level 1 in Ranged Weapons
 11217 | Lair:3   | Reached XP level 13. HP: 50/106 MP: 15/15
 11584 | Lair:3   | Found a hole to the Spider Nest.
 11883 | Lair:3   | Found a staircase to the Shoals.
 12383 | Lair:4   | Got Soez's Treatise on Decaying Ceraunoscopy
 12447 | Lair:4   | Reached skill level 12 in Long Blades
 12687 | Lair:4   | Found a runed translucent door.
 12688 | Lair:4   | Noticed Geh Jimi's ghost (journeyman CoHu)
 12698 | Lair:4   | Killed Geh Jimi's ghost
 13013 | Lair:5   | Entered Level 5 of the Lair of Beasts
 13289 | Lair:5   | Reached skill level 5 in Ranged Weapons
 13293 | Lair:5   | Reached XP level 14. HP: 93/114 MP: 16/16
 13297 | Lair:5   | Reached skill level 10 in Dodging
 13556 | Lair:5   | Found a staircase to the Slime Pits.
 14023 | Lair:5   | Reached skill level 13 in Long Blades
 14290 | Lair:5   | Found the +7 captain's cutlass {speed, disarm}
 14653 | D:9      | Found a shimmering blue altar of Sif Muna.
 14953 | D:10     | Entered Level 10 of the Dungeon
 14996 | D:10     | Found a burning altar of Makhleb.
 15025 | D:10     | Found a shimmering altar of Xom.
 15561 | D:10     | Found the +5 robe of Misfortune {Harm *Corrode *Slow EV+5}
 15886 | D:11     | Identified the +4 pair of gloves of Wubasilu {-Tele rF+
                  | Int+3}
 15986 | D:11     | You fall into a shaft and drop 1 floor!
 16231 | D:11     | Found a transporter.
 16385 | D:11     | Noticed Nergalle
 16508 | D:11     | Killed Nergalle
 16518 | D:11     | Found a bloodstained altar of Trog.
 16518 | D:11     | Noticed Mgcat's ghost (journeyman CoFi)
 16524 | D:11     | Found a transporter.
 16524 | D:11     | Noticed Harold
 16532 | D:11     | Killed Harold
 16746 | D:11     | Identified the +3 falchion of Starshine {spect, +Blink rF-
                  | rN+ Stlth+}
 17026 | D:12     | Noticed Azrael
 17039 | D:12     | Killed Azrael
 17051 | D:12     | HP: 5/114 [orc priest/+0 flail (3)]
 17051 | D:12     | HP: 1/114 [orc priest/+0 flail (4)]
 17060 | D:12     | HP: 5/114 [something (2)]
 17065 | D:12     | HP: 5/114 [something (3)]
 17067 | D:12     | HP: 1/114 [something (5)]
 17331 | D:12     | Found a staircase to the Orcish Mines.
 17500 | D:12     | Noticed Fannar
 17511 | D:12     | Killed Fannar
 17721 | Orc:1    | Entered Level 1 of the Orcish Mines
 17964 | Orc:1    | Found a dark tunnel.
 17982 | Volcano  | Entered a volcano
 18186 | Volcano  | Identified the -2 hat "Falozesm" {rN+ Will+ Dex+3}
 18360 | Orc:2    | Entered Level 2 of the Orcish Mines
 18402 | Orc:2    | Noticed an orc warlord
 18415 | Orc:2    | Killed an orc warlord
 18416 | Orc:2    | Gained mutation: You are robust. (+10% HP) [demonic
                  | ancestry]
 18416 | Orc:2    | Reached XP level 15. HP: 54/132 MP: 17/17
 18659 | Orc:2    | Noticed Saint Roka
 18675 | Orc:2    | Killed Saint Roka
 18918 | Orc:2    | Found Zuutafam's Assorted Antiques.
 19045 | Orc:2    | Found a staircase to the Elven Halls.
 19050 | Orc:2    | Noticed Donald
 19055 | Orc:2    | Killed Donald
 19184 | Orc:2    | Reached skill level 14 in Long Blades
 19787 | Orc:2    | Found a roughly hewn altar of Beogh.
 19800 | Orc:2    | Found Biazic's Antique Weapon Shop.
 19806 | Orc:2    | Found Ehomnas's Book Shop.
 19839 | Orc:2    | Found Xoed's Antique Armour Shop.
 19870 | Orc:2    | Found Hageom's General Store.
 19878 | Orc:2    | Bought a +1 cloak for 149 gold pieces
 19912 | Orc:2    | Noticed Maurice
 19917 | Orc:2    | Paralysed by Maurice for 5 turns
 19918 | Orc:2    | Maurice stole a +4 ring of slaying
 19925 | Orc:2    | Killed Maurice
 20795 | D:13     | Found a gate to the Vaults.
 20937 | D:13     | Reached skill level 5 in Invocations
 21200 | D:14     | Found a radiant altar of Vehumet.
 21276 | D:14     | Reached skill level 15 in Long Blades
 21276 | D:14     | Reached skill level 5 in Evocations
 21303 | D:14     | Found Cecouvem's Jewellery Shoppe.
 21306 | D:14     | Bought the ring of Alahaong {rC+ EV+5 Dex+6} for 751 gold
                  | pieces
 21310 | D:14     | Bought the ring of Vetosul {rElec Will+ AC+4 SInv} for 717
                  | gold pieces
 21539 | D:14     | Found Wewkucah's Weapon Boutique.
 21680 | D:14     | Found Fobad's Assorted Antiques.
 21716 | D:14     | Found Tuod's Armour Shop.
 21957 | D:15     | Entered Level 15 of the Dungeon
 21987 | D:15     | Found a staircase to the Depths.
 22253 | D:15     | Reached XP level 16. HP: 127/139 MP: 20/20
 22348 | D:15     | Noticed Josephine
 22354 | D:15     | Killed Josephine
 22924 | D:14     | Bought an amulet of the acrobat for 360 gold pieces
 23136 | Shoals:1 | Entered Level 1 of the Shoals
 23444 | Shoals:2 | Identified a scroll of acquirement
 23444 | Shoals:2 | Acquired a manual of Long Blades
 23494 | Shoals:2 | Reached skill level 16 in Long Blades
 23615 | Shoals:2 | Noticed Jorgrun
 23640 | Shoals:2 | Killed Jorgrun
 24455 | Shoals:4 | Entered Level 4 of the Shoals
 24550 | Shoals:4 | Identified the serpent talisman of Conscience {SInv}
 24550 | Shoals:4 | Noticed Aizul
 24558 | Shoals:4 | Killed Aizul
 24578 | Shoals:4 | Noticed Polyphemus
 24634 | Shoals:4 | Killed Polyphemus
 24805 | Shoals:4 | Reached skill level 17 in Long Blades
 24860 | Shoals:4 | Noticed Nikola
 24945 | Shoals:3 | Reached XP level 17. HP: 75/150 MP: 21/21
 25234 | Spider:1 | Entered Level 1 of the Spider Nest
 26645 | Spider:2 | HP: 4/151 [disintegration[a sun moth] (91)]
 27078 | Spider:2 | Reached skill level 18 in Long Blades
 27264 | Spider:2 | Reached skill level 15 in Dodging
 27953 | Spider:3 | Learned a level 4 spell: Passage of Golubria
 28448 | Spider:4 | Entered Level 4 of the Spider Nest
 28876 | Spider:4 | Reached XP level 18. HP: 162/162 MP: 11/23
 29104 | Spider:4 | Reached skill level 15 in Fighting
 29105 | Spider:4 | Reached skill level 19 in Long Blades
 29133 | Spider:4 | Got a gossamer rune of Zot
 29388 | Shoals:4 | Noticed Bai Suzhen
 29394 | Shoals:4 | Killed Bai Suzhen
 29585 | Shoals:3 | Killed Nikola
 29629 | Shoals:4 | Got a barnacled rune of Zot
 29697 | Shoals:4 | Noticed Roxanne
 29705 | Shoals:4 | Killed Roxanne
 30029 | Shoals:2 | Noticed Ilsuiw
 30038 | Shoals:2 | Killed Ilsuiw
 30493 | Vaults:1 | Entered Level 1 of the Vaults
 30517 | Vaults:1 | Reached skill level 10 in Invocations
 31400 | Vaults:1 | Reached XP level 19. HP: 116/172 MP: 27/27
 32117 | Vaults:2 | Reached skill level 10 in Ranged Weapons
 32946 | Vaults:2 | Found a transporter.
 32963 | Vaults:2 | Found a transporter.
 33165 | Vaults:2 | Identified the +1 pair of gloves of Indemnity {Int+3
                  | Stlth+}
 33169 | Vaults:2 | Got the Encyclopedia of Grit
 33347 | Vaults:3 | Identified the +2 chain mail "Ugganuor" {^Contam rElec
                  | rC+++ Dex-4}
 33596 | Vaults:3 | Found a staircase to the Crypt.
 34637 | Vaults:4 | Noticed Norris
 34792 | Vaults:4 | Killed Norris
 34806 | Vaults:4 | Reached XP level 20. HP: 161/183 MP: 20/28
 35153 | Vaults:4 | Noticed Sojobo
 35184 | Vaults:4 | Identified the +6 glaive of Havoc {flame, *Corrode rPois
                  | Dex+7 Stlth-}
 35224 | Vaults:4 | Identified the orb of the Farrier {*channel, Harm Slay+3}
 35224 | Vaults:4 | Noticed Frederick
 35236 | Vaults:4 | Upgraded the game from 0.32-a0-981-g384da2ce10 to
                  | 0.32-a0-986-ga09f62fbf4
 35253 | Vaults:4 | Killed Frederick
 35254 | Vaults:4 | Reached skill level 1 in Translocations
 35573 | Vaults:4 | Noticed Mennas
 35838 | Elf:1    | Entered Level 1 of the Elven Halls
 35838 | Elf:1    | Found Wain's Antique Armour Shop.
 35859 | Elf:1    | Bought a shimmering helmet for 247 gold pieces
 35859 | Elf:1    | Identified the +0 helmet of Limited Liability {-Tele rElec
                  | Int+3 Dex+2} (You bought it in a shop on level 1 of the
                  | Elven Halls)
 35871 | Elf:1    | Bought a transparent leather armour for 182 gold pieces
 35871 | Elf:1    | Identified the +0 leather armour of Idealism {rPois Dex+2}
                  | (You bought it in a shop on level 1 of the Elven Halls)
 35964 | Elf:1    | Found Bebrowku's Book Shoppe.
 35966 | Elf:1    | Found Oriod's Antique Weapon Emporium.
 35968 | Elf:1    | Found Otaas's Armour Shoppe.
 35978 | Elf:1    | Bought a runed arbalest for 210 gold pieces
 36253 | Elf:1    | Found an ancient bone altar of Kikubaaqudgha.
 36744 | Elf:2    | Noticed Louise
 36754 | Elf:2    | Killed Louise
 36926 | Elf:2    | Reached skill level 10 in Evocations
 36966 | Elf:2    | Found a runed translucent gate.
 36968 | Elf:2    | Found a runed translucent gate.
 36971 | Elf:2    | Found a runed translucent gate.
 37230 | Elf:3    | Entered Level 3 of the Elven Halls
 37299 | Elf:3    | Found a radiant altar of Vehumet.
 37405 | Elf:3    | Found Astyepn's Book Boutique.
 37409 | Elf:3    | Bought a book of Minor Magic for 288 gold pieces
 37412 | Elf:3    | Learned a level 2 spell: Blink
 37643 | Elf:3    | Reached skill level 1 in Spellcasting
 38324 | Elf:3    | Identified the ring "Rycoid" {Str+3 Dex+6}
 38344 | Elf:3    | Reached skill level 5 in Translocations
 38346 | Elf:3    | Identified an amulet of Zateerar {Spirit rElec}
 39074 | Elf:3    | Got the Parchment of the Komodo Dragon
 39456 | Depths:1 | Entered Level 1 of the Depths
 39778 | Depths:1 | Gained mutation: You are powered by pain. [demonic
                  | ancestry]
 39778 | Depths:1 | Reached XP level 21. HP: 191/191 MP: 29/29
 39882 | Depths:1 | Found a stormy altar of Qazlal.
 40223 | Depths:1 | Reached skill level 5 in Spellcasting
 40704 | Depths:1 | Found a gateway to Hell.
 41133 | Depths:2 | Noticed a juggernaut
 41134 | Depths:2 | Noticed Qiaq's ghost (adept HOFi)
 41158 | Depths:2 | Found a transporter.
 41161 | Depths:2 | Found a transporter.
 41673 | Depths:2 | Found a one-way gate leading to the halls of Pandemonium.
 42769 | Depths:3 | Found a one-way gate to the infinite horrors of the Abyss.
 42801 | Depths:3 | Noticed Xtahua
 42824 | Depths:3 | Killed Xtahua
 43033 | Depths:3 | Found a bloodstained altar of Trog.
 43745 | Depths:3 | Reached skill level 15 in Ranged Weapons
 43749 | Depths:3 | Noticed a juggernaut
 43757 | Depths:3 | Killed a juggernaut
 43764 | Depths:3 | Found a runed translucent door.
 43764 | Depths:3 | Found a runed translucent door.
 43771 | Depths:3 | Gained mutation: You are very robust. (+20% HP) [demonic
                  | ancestry]
 43771 | Depths:3 | Reached XP level 22. HP: 122/220 MP: 30/30
 44125 | Depths:3 | Found a runed translucent door.
 44125 | Depths:3 | Found a runed translucent door.
 44199 | Depths:3 | Learned a level 2 spell: Lesser Beckoning
 44233 | Depths:3 | Identified the +3 ring mail of the Iron City of Dis {rC+
                  | Int+4}
 44252 | Depths:3 | Identified the +3 flail "Ceplyss" {protect, Will+ Int+5}
 44282 | Depths:4 | Entered Level 4 of the Depths
 44413 | Depths:4 | Found a one-way gateway to a ziggurat.
 44507 | Depths:4 | Reached skill level 20 in Long Blades
 44553 | Depths:4 | Noticed a golden dragon
 44558 | Depths:4 | Killed a golden dragon
 44585 | Depths:4 | Found a gate to the Realm of Zot.
 44594 | Depths:4 | Reached skill level 10 in Armour
 45590 | Crypt:1  | Entered Level 1 of the Crypt
 46935 | Crypt:2  | Found a basalt altar of Yredelemnul.
 47036 | Crypt:2  | Identified the +7 orcbow of Sloth {drain, Str+4 Int+4
                  | Dex+3}
 47042 | Crypt:2  | Identified the ring of Cirpheni {rN+ Int+3 Dex+2 Stlth-}
 47319 | Crypt:3  | Entered Level 3 of the Crypt
 47815 | Crypt:3  | Noticed Grunn
 47836 | Crypt:3  | HP: 10/205 [juggernaut simulacrum[a curse skull] (28)]
 47836 | Crypt:3  | Mangled by a juggernaut simulacrum

Illustrated notes

Levels and vault maps discovered:
D:1:      ncdulo_wetmaze, layout_rooms
D:2:      layout_rooms, basic_ecumenical_altar, kennysheep_nondescript
D:3:      layout_basic
D:4:      layout_basic, serial_shops, nicolae_shop_overgrown_old_shop,
          minivault_24, uniq_blork_the_orc, uniq_eustachio
D:5:      layout_layer_cave, kennysheep_little_box, minmay_temple_entry_wispy,
          nicolae_half_adder
D:6:      layout_basic, mainiacjoe_overflow_alcove_4, lemuel_round_altar,
          minmay_manual_mail, uniq_menkaure, uniq_sigmund
D:7:      bobbens_index_wilting_gardens, layout_basic,
          gammafunk_temple_overflow_forgotten, nicolae_wooded_promenade,
          kennysheep_doodads
D:8:      lemuel_ratsnest, layout_gridville, serial_bayou_crossing,
          uniq_gastronok
D:9:      layout_irregular_city, hellmonk_sif_muna_bookshelves,
          david_lair_shrubbed, grunt_ministairs_14
D:10:     layout_stronghold, xom_teletrap_fun, lightli_temple_of_fire
D:11:     layout_irregular_city, gammafunk_ghost_wrathful_warriors,
          uniq_nergalle, uniq_harold
D:12:     layout_rooms, hiddenorc2_lemuel, st_stairs_12, uniq_azrael,
          uniq_fannar
D:13:     layout_stronghold, hangedman_vaults_entry_quadrant_bands,
          dk_noncrumbling_2, nrook_campfire
D:14:     layout_stronghold, gauntlet_entry_generic, serial_shops, shop,
          nicolae_shop_competitors_out_of_business, nicolae_stop_n_shop_2,
          nicolae_shop_back_alley_shop, fiery_altar_vehumet
D:15:     grunt_enter_depths_hoard, layout_irregular_city, serial_undead,
          serial_undead_b, serial_undead_c, serial_undead_f, serial_undead_a,
          serial_undead_a, nicolae_concentric_dashed_squares_mild,
          chequers_serial_rivers_large_a, nicolae_the_louvre, uniq_josephine
Temple:   nicolae_temple_bog_church
Lair:1:   dreamdust_isle_of_ice, layout_chaotic_city, tgw_fedhas,
          lemuel_fruit_fields
Lair:2:   layout_cave_pods, grunt_megastairs_2
Lair:3:   layout_misc_corridors, mainiacjoe_shoals_entry_four_pools,
          spider_nest_entry_a
Lair:4:   layout_layer_cave, ebering_ghost_inner_flame, lemuel_fruit_fields,
          grunt_megastairs_3
Lair:5:   evilmike_catoblepas_cave, layout_long_grid, dpeg_slime_entry_corner,
          serial_bayou_lagoon_b, serial_bayou_shore_b
Shoals:1: layout_shoals, nicolae_shoals_water_shrine
Shoals:2: layout_shoals, uniq_jorgrun, uniq_ilsuiw
Shoals:3: layout_shoals
Shoals:4: shoals_end_hangedman, layout_shoals, shoals_ilsuiw_ice,
          uniq_polyphemus, uniq_aizul, uniq_nikola, uniq_roxanne,
          uniq_bai_suzhen
Spider:1: layout_chambers
Spider:2: layout_spider_delve, nicolae_spider_rock_and_or_roll
Spider:3: layout_spider_delve
Spider:4: spider_rune_water, drop_trap
Orc:1:    layout_diamond_mine, enter_volcano_4
Orc:2:    grunt_orc_cross, layout_diamond_mine, serial_shops,
          nicolae_shop_pleasant_corner_grove, einodemon_barbed_minivault,
          uniq_maurice, uniq_donald, uniq_saint_roka
Elf:1:    layout_gridlike, serial_shops, nicolae_shop_window_shopping,
          guppyfry_elf_altar, minmay_shop_star
Elf:2:    elven_hall_of_blades_hangedman_original
          [infiniplex_blade_entry_pillars], layout_loops_ring, uniq_louise
Elf:3:    minmay_elf_hall_spiked, layout_gridlike, serial_shops, shop,
          basic_altar, drop_trap, amethyst_killhole
Vaults:1: v_alt_pattern_4, serial_library_hellmonk_open_cross,
          nicolae_vaults_apartment_2, nicolae_vaults_wine_cellar,
          nicolae_vaults_shipping_containers_3, nicolae_vaults_more_shelving_1,
          nicolae_vaults_closet_pinwheel_4, nicolae_vaults_little_ls,
          nicolae_vaults_house_2, ontoclasm_vaults_ring_square,
          layout_vaults_big_room
Vaults:2: gammafunk_the_bubble [the_bubble_gammafunk_grid],
          nicolae_vaults_ellipses_ellipsis, vaults_room_door_hall,
          nicolae_vaults_little_squares_3, v_alt_pattern_6, v_pattern_2,
          hangedman_vaults_corner_blocks, nicolae_vaults_doubleplus_tesselated,
          nicolae_vaults_closet_pinwheel_1, serial_ice_m, layout_vaults_maze
Vaults:3: hangedman_vaults_river_flow, nicolae_vaults_prndl,
          nicolae_vaults_mini_display_case, nicolae_vaults_oval_intersection,
          nicolae_vaults_variable_pillar_hall, minmay_crypt_entry_simple_round,
          hangedman_vaults_nails, v_rooms_3, minmay_orc_keep,
          layout_vaults_omnigrid
Vaults:4: nicolae_vaults_sealed_display, hangedman_vaults_capsules,
          nicolae_vaults_little_squares_1, nicolae_vaults_apartment_1,
          v_rooms_5, vaults_room_ringed_pool, hangedman_vaults_stream,
          nicolae_vaults_network_quinsquares
          [nicolae_vaults_network_quincunx_subvault,
          nicolae_vaults_network_quincunx_subvault,
          nicolae_vaults_network_quincunx_subvault,
          nicolae_vaults_network_quincunx_subvault],
          nicolae_vaults_layer_cake_slice, hangedman_vaults_nails,
          vaults_room_hangedman_quadrants, nicolae_vaults_trapezoid_3,
          serial_ice_g, vaults_dpeg_encased_lava, vaults_dpeg_ring,
          nicolae_vaults_apartment_1, nicolae_vaults_storage_room_glass,
          layout_vaults_ring, serial_shops, nicolae_shop_peninsula,
          uniq_frederick, uniq_mennas, uniq_sojobo, uniq_norris
Crypt:1:  layout_misc_corridors
Crypt:2:  layout_rooms, roadster_capsule_ark_zombie
Crypt:3:  lightli_unholy_cathedral, layout_chaotic_city,
          nicolae_tomb_entry_unfolded_pyramid_orthogonal, uniq_grunn
Depths:1: layout_roguey, serial_library, serial_library_hellmonk_hallway_a,
          serial_library_regret_index_headful,
          serial_library_hellmonk_secret_room,
          serial_library_hellmonk_big_corner,
          serial_library_hellmonk_open_square, serial_library_hellmonk_room_b,
          serial_library_regret_index_split_case, minmay_misc_feat_iff,
          hellmouth_1, nicolae_qazlal_style_of_elements, serial_bayou_shore_b
Depths:2: kennysheep_ambush_hall, layout_honeycomb, gammafunk_ghost_arena,
          rand_demon_pan_entry_8, hell_entry
Depths:3: impenetrable_vault, layout_cave_pools, abyss_entry, hellmouth_3,
          chequers_decorated_corner, evilmike_spriggan_trog_shrine, uniq_xtahua,
          uniq_josephina
Depths:4: grunt_crosshair, layout_basic, enter_ziggurat_e,
          hangedman_abyss_entry_splay, pf_hell_entry_tar_river,
          skrybe_limestone_x, nicolae_tso_carved_into_rock

Skill      XL: |  1  2  3  4  5  6  7  8  9 10 11 12 13 14 15 16 17 18 19 20 21 22 |
---------------+-------------------------------------------------------------------+-----
Polearms       | 3 |  3.0
Fighting       | 4 5 6 8 10 11 12 13 14 16 17 18 | 18.3
Long Blades    | 6 7 8 9 10 11 12 13 15 17 18 19 20 | 20.0
Dodging        | 5 6 7 8 9 11 12 14 15 16 17 18 | 18.1
Shields        | 4 5 |  5.5
Invocations    | 1 3 6 11 | 11.2
Armour         | 2 5 7 8 9 12 | 12.1
Evocations     | 1 3 5 8 10 | 10.4
Ranged Weapons | 1 5 8 9 12 13 15 16 | 16.9
Translocations | 6 |  6.0
Spellcasting   | 4 5 |  5.5

Action                     |  1- 3 |  4- 6 |  7- 9 | 10-12 | 13-15 | 16-18 | 19-21 | 22-24 || total
---------------------------+-------+-------+-------+-------+-------+-------+-------+-------++-------
  Melee: Spear             |    73 |       |       |       |       |       |       |       ||    73
         Long sword        |    16 |    75 |   313 |   282 |       |       |       |       ||   686
         Great sword       |     1 |       |       |   220 |   821 |   908 |   970 |   610 ||  3530
   Fire: Arbalest          |       |       |       |       |       |       |    49 |       ||    49
         Orcbow            |       |       |       |       |       |       |   119 |    16 ||   135
  Throw: Dart              |       |       |       |       |       |     6 |    11 |     1 ||    18
   Cast: Apportation       |       |       |       |       |       |     4 |     4 |       ||     8
 Invoke: Slouch            |       |       |       |       |       |     1 |       |       ||     1
  Evoke: Wand              |     1 |     3 |     9 |     5 |     8 |    42 |     6 |     3 ||    77
         Lightning rod     |       |       |       |       |     4 |     6 |     6 |       ||    16
         Phantom mirror    |       |       |       |       |     1 |       |     2 |       ||     3
         Phial of floods   |       |       |       |       |     1 |       |       |       ||     1
         Tin of tremorston |       |       |       |       |       |       |     2 |       ||     2
    Use: Scroll            |     5 |     1 |     2 |    10 |    10 |    12 |     6 |     7 ||    53
         Potion            |     1 |       |       |       |     7 |     3 |     3 |     1 ||    15
   Stab: Sleeping          |       |     3 |     1 |     6 |     8 |     3 |    12 |       ||    33
         Distracted        |       |       |       |     4 |     1 |     4 |     2 |     3 ||    14
         Petrified         |       |       |       |       |     4 |     3 |       |       ||     7
         Paralysed         |       |       |       |       |       |     8 |       |       ||     8
 Armour: Robe              |    17 |       |    93 |       |       |       |       |       ||   110
         Leather armour    |    15 |    29 |     1 |       |       |       |       |       ||    45
         Ring mail         |       |       |    65 |   174 |   434 |   325 |   343 |   208 ||  1549
  Dodge: Dodged            |    41 |    34 |   266 |   497 |  1488 |  1845 |  1552 |   938 ||  6661
  Block: Buckler           |     2 |    23 |   173 |   179 |       |       |       |       ||   377

Table legend: (Time is in decaauts)
 A = Elapsed time spent in this place.
 B = Non-inter-level travel time spent in this place.
 C = Inter-level travel time spent in this place.
 D = Time resting spent in this place.
 E = Time spent auto-exploring this place.
 F = Levels seen in this place.
 G = Mean time per level.
                   A        B        C        D        E       F      G
               +--------+--------+--------+--------+--------+-----+--------+
         Total |  74716 |  69023 |   5693 |   7068 |  38891 |  46 | 1624.3 |
       Dungeon |  22788 |  20895 |   1893 |   1085 |  14003 |  15 | 1519.2 |
        Temple |     44 |      3 |     41 |      0 |      0 |   1 |   44.0 |
          Lair |  10534 |   9556 |    978 |   1032 |   5957 |   5 | 2106.8 |
        Shoals |   4890 |   4260 |    630 |    510 |    450 |   4 | 1222.5 |
   Spider Nest |   6290 |   6021 |    269 |    763 |   3508 |   4 | 1572.5 |
  Orcish Mines |   3636 |   3164 |    472 |    361 |   1539 |   2 | 1818.0 |
   Elven Halls |   5778 |   5312 |    466 |    933 |   2478 |   3 | 1926.0 |
        Vaults |   8227 |   7738 |    489 |    871 |   4636 |   4 | 2056.8 |
         Crypt |   3478 |   3448 |     30 |    267 |   2076 |   3 | 1159.3 |
        Depths |   8644 |   8222 |    422 |   1194 |   4241 |   4 | 2161.0 |
       Volcano |    403 |    403 |      0 |     50 |      0 |   1 |  403.0 |
               +--------+--------+--------+--------+--------+-----+--------+

Top non-repeatable levels by time:
   Elf:3: 3218 daAuts
Depths:3: 2655 daAuts
Vaults:3: 2626 daAuts
   Orc:2: 2561 daAuts
Spider:1: 2541 daAuts
     D:7: 2384 daAuts
Depths:2: 2383 daAuts
  Lair:2: 2379 daAuts
Depths:1: 2339 daAuts
Vaults:2: 2333 daAuts
Vaults:1: 2134 daAuts
  Lair:5: 2133 daAuts
    D:13: 2108 daAuts
  Lair:3: 2089 daAuts
  Lair:1: 2079 daAuts
